AoeStats
← MinhAnh X Loma Sugar plazmafield

Arena

506210175Analyzed
1v1 RM · 18d ago on Sep 12, 2026· 23m 40s· 2 players
Game mode
Random Map
Map size
Tiny (2 player)
Population
200
Speed
Normal
Resources
Standard
Victory
Conquest
Starting age
Dark Age
Ending age
Imperial Age
RankedLock teamsTeams togetherTeam positionsShared explorationLock speedFull tech treeHidden civsTurbo modeCheats
Victory
Defeat
🇺🇸 Poles · United States
1073
+17
1088
-17
Rababy5
11:05 Feudal Age
15:03 Castle Age
13:15 Horse Collar
14:23 Double-Bit Axe
18:21 Wheelbarrow
18:12 Heavy Plow
19:24 Bow Saw
23:59 Szlachta Privileges
MinhAnh X Loma Sugar plazmafield
11:05 Feudal Age
15:09 Castle Age
13:26 Double-Bit Axe
14:06 Horse Collar
16:37 Heavy Plow
Connection lost

Rejoining the realm…

Still unreachable

The connection could not be restored.

Session expired

The server has moved on; the page needs a fresh start.